| TOP OF THE 1ST |
|
Lowell Spinners batting - Pitching for Spokane Indians : RHP Alexander Neustroev
|
|
Pitching: RHP Alexander Neustroev
|
|
|
Batting: RHB Nick Cottrell
|
0-0: Ball 1-0: Ground out 5-3 (Groundball, 5, EV 115.0 MPH)
|
|
Batting: LHB Nelis Geurts
|
0-0: Swinging Strike 0-1: Swinging Strike 0-2: Foul Ball, location: 2F 0-2: Strikes out looking
|
|
Batting: LHB Jarrett Mordecai
|
0-0: Ball 1-0: Ball 2-0: Called Strike 2-1: Ground out 4-3 (Groundball, 4, EV 80.0 MPH)
|
| Top of the 1st over - 0 runs, 0 hits, 0 errors, 0 left on base; Lowell 0 - Spokane 0 |
| BOTTOM OF THE 1ST |
|
Spokane Indians batting - Pitching for Lowell Spinners : LHP Eric Del Sordo
|
|
Pitching: LHP Eric Del Sordo
|
|
|
Batting: RHB Joe Kemp
|
0-0: Called Strike 0-1: Ground out 6-3 (Groundball, 56, EV 80.6 MPH)
|
|
Batting: RHB Andy Sheridan
|
0-0: Ball 1-0: Ball 2-0: Called Strike 2-1: Foul Ball, location: 2F 2-2: Ball 3-2: Base on Balls
|
|
Batting: RHB Justin Aslinger
|
0-0: Ball 1-0: Foul Ball, location: 2F 1-1: Foul Ball, location: 2F 1-2: Foul Ball, location: 2F 1-2: Ball 2-2: Foul Ball, location: 2F 2-2: Fly out, F5 (Popup, 5SF, EV 81.2 MPH)
|
|
Batting: RHB Sergio Zamora
|
0-0: Foul Ball, location: 2F 0-1: Ball 1-1: Ball 2-1: Ball 3-1: Base on Balls Andy Sheridan to second
|
|
Batting: RHB Roberto Gonzalez
|
0-0: Ball 1-0: Called Strike 1-1: Ball 2-1: Ball 3-1: Base on Balls Andy Sheridan to third Sergio Zamora to second
|
|
Batting: RHB Jason Sher
|
0-0: Ball 1-0: Swinging Strike 1-1: Foul Ball, location: 2F 1-2: Fielders Choice at 2nd, 5-4 (Groundball, 5, EV 76.9 MPH)
|
| Bottom of the 1st over - 0 runs, 0 hits, 0 errors, 3 left on base; Lowell 0 - Spokane 0 |
| TOP OF THE 2ND |
|
Lowell Spinners batting - Pitching for Spokane Indians : RHP Alexander Neustroev
|
|
Batting: RHB Guillermo Quintero
|
0-0: Foul Ball, location: 2F 0-1: Called Strike 0-2: Strikes out looking
|
|
Batting: LHB Noel Young
|
0-0: Called Strike 0-1: Ground out U3 (Groundball, 3, EV 104.4 MPH)
|
|
Batting: RHB Joel Vazquez
|
0-0: Swinging Strike 0-1: Fly out, F1 (Line Drive, P, EV 69.4 MPH)
|
| Top of the 2nd over - 0 runs, 0 hits, 0 errors, 0 left on base; Lowell 0 - Spokane 0 |
| BOTTOM OF THE 2ND |
|
Spokane Indians batting - Pitching for Lowell Spinners : LHP Eric Del Sordo
|
|
Batting: SHB Tristan Dearing
|
0-0: Swinging Strike 0-1: Ball 1-1: Ball 2-1: Ground out 5-3 (Groundball, 56S, EV 81.9 MPH)
|
|
Batting: RHB Antonio Pacheco
|
0-0: Foul Ball, location: 2F 0-1: Foul Ball, location: 2F 0-2: Strikes out swinging
|
|
Batting: RHB Jose Sisneros
|
0-0: Called Strike 0-1: Swinging Strike 0-2: Strikes out swinging
|
| Bottom of the 2nd over - 0 runs, 0 hits, 0 errors, 0 left on base; Lowell 0 - Spokane 0 |
| TOP OF THE 3RD |
|
Lowell Spinners batting - Pitching for Spokane Indians : RHP Alexander Neustroev
|
|
Batting: RHB Tommy Boudreaux
|
0-0: Ball 1-0: Ball 2-0: Called Strike 2-1: Swinging Strike 2-2: SINGLE (Groundball, 4MD, EV 100.0 MPH)
|
|
Batting: RHB Jose Diaz
|
0-0: Called Strike 0-1: DOUBLE (Line Drive, 9LD, EV 103.8 MPH) Tommy Boudreaux to third
|
|
Batting: RHB Bobby Schimke
|
0-0: Called Strike 0-1: Called Strike 0-2: Strikes out swinging
|
|
Batting: RHB Nick Cottrell
|
0-0: Ball 1-0: Foul Ball, location: 2F 1-1: Swinging Strike 1-2: Strikes out looking
|
|
Batting: LHB Nelis Geurts
|
0-0: Ball 1-0: Ball 2-0: SINGLE (Groundball, 6D, EV 94.4 MPH) Tommy Boudreaux scores Jose Diaz to third Runner from 3rd tries for Home, SAFE, throw by CF to home
|
|
Batting: LHB Jarrett Mordecai
|
0-0: Ball 1-0: Hit by Pitch Nelis Geurts to second
|
|
Batting: RHB Guillermo Quintero
|
0-0: Called Strike 0-1: Ball 1-1: Foul Ball, location: 2F 1-2: Strikes out swinging
|
| Top of the 3rd over - 2 runs, 3 hits, 0 errors, 2 left on base; Lowell 2 - Spokane 0 |
| BOTTOM OF THE 3RD |
|
Spokane Indians batting - Pitching for Lowell Spinners : LHP Eric Del Sordo
|
|
Batting: RHB Joe Kemp
|
0-0: Foul Ball, location: 2F 0-1: Foul Ball, location: 2F 0-2: Ball 1-2: Ball 2-2: Ground out 6-3 (Groundball, 6, EV 103.1 MPH)
|
|
Batting: RHB Andy Sheridan
|
0-0: Ball 1-0: Foul Ball, location: 2F 1-1: Ball 2-1: Foul Ball, location: 2F 2-2: Foul Ball, location: 2F 2-2: Ball 3-2: SINGLE (Line Drive, 89S, EV 106.9 MPH)
|
|
Batting: RHB Justin Aslinger
|
0-0: Called Strike 0-1: Ball 1-1: Foul Ball, location: 2F 1-2: Ball 2-2: Fly out, F8 (Flyball, 89XD, EV 88.8 MPH)
|
|
Batting: RHB Sergio Zamora
|
0-0: Foul Ball, location: 2F 0-1: Foul Ball, location: 2F 0-2: Fly out, F4 (Popup, 23, EV 90.0 MPH)
|
| Bottom of the 3rd over - 0 runs, 1 hit, 0 errors, 1 left on base; Lowell 2 - Spokane 0 |
| TOP OF THE 4TH |
|
Lowell Spinners batting - Pitching for Spokane Indians : RHP Alexander Neustroev
|
|
Batting: LHB Noel Young
|
0-0: Called Strike 0-1: Ball 1-1: SOLO HOME RUN (Flyball, 89XD, EV 97.5 MPH), Distance : 408 ft
|
|
Batting: RHB Joel Vazquez
|
0-0: Called Strike 0-1: Called Strike 0-2: Strikes out looking
|
|
Batting: RHB Tommy Boudreaux
|
0-0: Called Strike 0-1: Called Strike 0-2: Strikes out looking
|
|
Batting: RHB Jose Diaz
|
0-0: Foul Ball, location: 2F 0-1: Ball 1-1: Ball 2-1: Ground out 4-3 (Groundball, 13, EV 85.6 MPH)
|
| Top of the 4th over - 1 run, 1 hit, 0 errors, 0 left on base; Lowell 3 - Spokane 0 |
| BOTTOM OF THE 4TH |
|
Spokane Indians batting - Pitching for Lowell Spinners : LHP Eric Del Sordo
|
|
Batting: RHB Roberto Gonzalez
|
0-0: Ground out 1-3 (Groundball, 13, EV 73.8 MPH)
|
|
Batting: RHB Jason Sher
|
0-0: Ball 1-0: Ball 2-0: Ball 3-0: Called Strike 3-1: Base on Balls
|
|
Batting: SHB Tristan Dearing
|
0-0: Called Strike Jason Sher steals 2nd base (no throw) 0-1: Ground out U3 (Groundball, 3, EV 84.4 MPH) Jason Sher to third
|
|
Batting: RHB Antonio Pacheco
|
0-0: Fly out, F8 (Flyball, 8LD, EV 91.2 MPH)
|
| Bottom of the 4th over - 0 runs, 0 hits, 0 errors, 1 left on base; Lowell 3 - Spokane 0 |
| TOP OF THE 5TH |
|
Lowell Spinners batting - Pitching for Spokane Indians : RHP Alexander Neustroev
|
|
Batting: RHB Bobby Schimke
|
0-0: Called Strike 0-1: Ball 1-1: Ball 2-1: Ball 3-1: Foul Ball, location: 2F 3-2: Strikes out swinging
|
|
Batting: RHB Nick Cottrell
|
0-0: Called Strike 0-1: Foul Ball, location: 2F 0-2: Strikes out swinging
|
|
Batting: LHB Nelis Geurts
|
0-0: Called Strike 0-1: Foul Ball, location: 2F 0-2: Foul Ball, location: 2F 0-2: Strikes out swinging
|
| Top of the 5th over - 0 runs, 0 hits, 0 errors, 0 left on base; Lowell 3 - Spokane 0 |
| BOTTOM OF THE 5TH |
|
Spokane Indians batting - Pitching for Lowell Spinners : LHP Eric Del Sordo
|
|
Batting: RHB Jose Sisneros
|
0-0: Ball 1-0: Ball 2-0: Foul Ball, location: 2F 2-1: Called Strike 2-2: Ball 3-2: Foul Ball, location: 2F 3-2: Base on Balls
|
|
Batting: RHB Joe Kemp
|
0-0: Called Strike 0-1: Foul Ball, location: 2F 0-2: Ball 1-2: Ball 2-2: Ball Jose Sisneros steals 2nd base 3-2: Fly out, F7 (Flyball, 7, EV 79.4 MPH)
|
|
Batting: RHB Andy Sheridan
|
0-0: Called Strike 0-1: Ball 1-1: Fly out, F3 (Popup, 3SF, EV 70.6 MPH)
|
|
Batting: RHB Justin Aslinger
|
0-0: Ball 1-0: Ball 2-0: Foul Ball, location: 2F 2-1: Ball 3-1: Called Strike 3-2: Base on Balls
|
|
Pitching: RHP Ricardo Bautista
|
|
|
Pinch Hitting: LHB Mike Sloan
|
0-0: Ground out 4-3 (Groundball, 34D, EV 107.5 MPH)
|
| Bottom of the 5th over - 0 runs, 0 hits, 0 errors, 2 left on base; Lowell 3 - Spokane 0 |
| TOP OF THE 6TH |
|
Lowell Spinners batting - Pitching for Spokane Indians : RHP Alexander Neustroev
|
|
Now in RF: Dongdo-pa Mai
|
|
|
Batting: LHB Jarrett Mordecai
|
0-0: Ball 1-0: Foul Ball, location: 2F 1-1: Ground out 4-3 (Groundball, 34D, EV 109.4 MPH)
|
|
Batting: RHB Guillermo Quintero
|
0-0: Ball 1-0: Foul Ball, location: 2F 1-1: Called Strike 1-2: Strikes out swinging
|
|
Batting: LHB Noel Young
|
0-0: Ball 1-0: Ball 2-0: Called Strike 2-1: Swinging Strike 2-2: Ball 3-2: Strikes out swinging, 2-3 out at first.
|
| Top of the 6th over - 0 runs, 0 hits, 0 errors, 0 left on base; Lowell 3 - Spokane 0 |
| BOTTOM OF THE 6TH |
|
Spokane Indians batting - Pitching for Lowell Spinners : RHP Ricardo Bautista
|
|
Batting: RHB Roberto Gonzalez
|
0-0: Ball 1-0: Ball 2-0: Called Strike 2-1: Ground out 2-3 (Groundball, 2L, EV 65.6 MPH)
|
|
Batting: RHB Jason Sher
|
0-0: Ball 1-0: Ball 2-0: Foul Ball, location: 2F 2-1: Foul Ball, location: 2F 2-2: Ball 3-2: Base on Balls
|
|
Batting: SHB Tristan Dearing
|
0-0: Ball Jason Sher steals 2nd base (no throw) 1-0: Ball 2-0: Called Strike 2-1: Ball 3-1: Foul Ball, location: 2F 3-2: Foul Ball, location: 2F 3-2: Foul Ball, location: 2F 3-2: Base on Balls
|
|
Pinch Hitting: LHB Willie Calderon
|
0-0: Foul Ball, location: 2F 0-1: Fly out, F6 (Line Drive, 6, EV 71.2 MPH)
|
|
Pinch Hitting: RHB Chance Lamb
|
0-0: Ball 1-0: Ball 2-0: Foul Ball, location: 2F 2-1: 3-RUN HOME RUN (Flyball, 78XD, EV 100.0 MPH), Distance : 388 ft
|
|
Pitching: LHP Joe Starcher
|
|
|
Batting: RHB Joe Kemp
|
0-0: Swinging Strike 0-1: Ball 1-1: Ball 2-1: Called Strike 2-2: Ball 3-2: Base on Balls
|
|
Batting: RHB Andy Sheridan
|
0-0: Called Strike Joe Kemp steals 2nd base 0-1: Ball 1-1: Ball 2-1: Swinging Strike 2-2: Ball 3-2: Foul Ball, location: 2F 3-2: Ground out U3 (Groundball, 23, EV 83.8 MPH)
|
| Bottom of the 6th over - 3 runs, 1 hit, 0 errors, 1 left on base; Lowell 3 - Spokane 3 |
| TOP OF THE 7TH |
|
Lowell Spinners batting - Pitching for Spokane Indians : RHP Alexander Neustroev
|
|
Now at SS: Chance Lamb
|
|
|
Now in LF: Willie Calderon
|
|
|
Batting: RHB Joel Vazquez
|
0-0: Ball 1-0: Foul Ball, location: 2F 1-1: Fly out, F4 (Flyball, 4MD, EV 89.4 MPH)
|
|
Batting: RHB Tommy Boudreaux
|
0-0: Called Strike 0-1: Swinging Strike 0-2: Ground out 5-3 (Groundball, 5, EV 89.4 MPH)
|
|
Batting: RHB Jose Diaz
|
0-0: Called Strike 0-1: Ball 1-1: Foul Ball, location: 2F 1-2: Foul Ball, location: 2F 1-2: Foul Ball, location: 2F 1-2: Ball 2-2: Foul Ball, location: 2F 2-2: Ball 3-2: Strikes out looking
|
| Top of the 7th over - 0 runs, 0 hits, 0 errors, 0 left on base; Lowell 3 - Spokane 3 |
| BOTTOM OF THE 7TH |
|
Spokane Indians batting - Pitching for Lowell Spinners : LHP Joe Starcher
|
|
Pitching: RHP Jimmy Scali
|
|
|
Batting: RHB Justin Aslinger
|
0-0: Ball 1-0: Called Strike 1-1: Ball 2-1: Swinging Strike 2-2: Ground out U3 (Groundball, 34S, EV 91.9 MPH)
|
|
Pinch Hitting: LHB Otte Klijnsma
|
0-0: Called Strike 0-1: Ball 1-1: Ball 2-1: Ball 3-1: Foul Ball, location: 2F 3-2: Base on Balls
|
|
Pinch Hitting: LHB William Hanley
|
0-0: Ball Otte Klijnsma steals 2nd base 1-0: Ball 2-0: Ball 3-0: Called Strike 3-1: Base on Balls
|
|
Batting: RHB Jason Sher
|
0-0: Ground out 5-3 (Groundball, 56S, EV 61.9 MPH) Otte Klijnsma to third William Hanley to second
|
|
Batting: SHB Tristan Dearing
|
0-0: Swinging Strike 0-1: Ball 1-1: Swinging Strike 1-2: Strikes out swinging
|
| Bottom of the 7th over - 0 runs, 0 hits, 0 errors, 2 left on base; Lowell 3 - Spokane 3 |
| TOP OF THE 8TH |
|
Lowell Spinners batting - Pitching for Spokane Indians : RHP Alexander Neustroev
|
|
Now at 1B: Roger Renteria
|
|
|
Now in RF: William Hanley
|
|
|
Pinch Hitting: LHB Tony Rivera
|
0-0: SINGLE (Line Drive, 8RM, EV 100.6 MPH)
|
|
Batting: RHB Nick Cottrell
|
0-0: Ball 1-0: Ball 2-0: Bunt missed! 2-1: Bunt missed! 2-2: Foul Ball, location: 2F 2-2: Strikes out swinging
|
|
DELAY
|
Rain delay of 51 minutes in the 8th inning.
|
|
Pitching: LHP Efraim van der Peet
|
|
|
Batting: RHB Jesus Montoya
|
0-0: Called Strike Tony Rivera is caught stealing 2nd base 2-4 0-1: Ball 1-1: Fly out, F9 (Flyball, 9D, EV 88.1 MPH)
|
| Top of the 8th over - 0 runs, 1 hit, 0 errors, 0 left on base; Lowell 3 - Spokane 3 |
| BOTTOM OF THE 8TH |
|
Spokane Indians batting - Pitching for Lowell Spinners : RHP Jimmy Scali
|
|
Pitching: LHP Israel Serrano
|
|
|
Now at 2B: Guillermo Quintero
|
|
|
Now in CF: Jose Conde
|
|
|
Now in RF: Tommy Boudreaux
|
|
|
Pinch Hitting: RHB Brian Morrison
|
0-0: Ball 1-0: Ball 2-0: Ground out 6-3 (Groundball, 6M, EV 89.4 MPH)
|
|
Pitching: RHP Kasper Larkin
|
|
|
Pinch Hitting: LHB Francisco Leiva
|
0-0: Called Strike 0-1: Ball 1-1: Ball 2-1: Ground out 6-3 (Groundball, 4, EV 93.8 MPH)
|
|
Pinch Hitting: LHB Tony Sosa
|
0-0: Ball 1-0: Ball 2-0: Ball 3-0: Fly out, F7 (Flyball, 78D, EV 105.6 MPH)
|
| Bottom of the 8th over - 0 runs, 0 hits, 0 errors, 0 left on base; Lowell 3 - Spokane 3 |
| TOP OF THE 9TH |
|
Lowell Spinners batting - Pitching for Spokane Indians : LHP Efraim van der Peet
|
|
Pitching: RHP Victor Benitez
|
|
|
Now at 2B: Brian Morrison
|
|
|
Now at SS: Jason Sher
|
|
|
Now in LF: Mike Trujillo
|
|
|
Now in CF: Silvio Mulder
|
|
|
Batting: LHB Jarrett Mordecai
|
0-0: Ball 1-0: Ball 2-0: Foul Ball, location: 2F 2-1: Called Strike 2-2: Foul Ball, location: 2F 2-2: Strikes out swinging
|
|
Batting: RHB Guillermo Quintero
|
0-0: Ball 1-0: Foul Ball, location: 2F 1-1: Called Strike 1-2: Ball 2-2: Ground out 1-3 (Groundball, 34S, EV 71.9 MPH)
|
|
Batting: LHB Noel Young
|
0-0: Swinging Strike 0-1: Foul Ball, location: 2F 0-2: Foul Ball, location: 2F 0-2: Ball 1-2: Ball 2-2: Strikes out swinging
|
| Top of the 9th over - 0 runs, 0 hits, 0 errors, 0 left on base; Lowell 3 - Spokane 3 |
| BOTTOM OF THE 9TH |
|
Spokane Indians batting - Pitching for Lowell Spinners : RHP Kasper Larkin
|
|
Batting: LHB Adrian Chavez
|
0-0: Foul Ball, location: 2F 0-1: Swinging Strike 0-2: Strikes out swinging
|
|
Pinch Hitting: LHB Guo-ning Ren
|
0-0: Ball 1-0: Swinging Strike 1-1: Foul Ball, location: 2F 1-2: Foul Ball, location: 2F 1-2: Foul Ball, location: 2F 1-2: Foul Ball, location: 2F 1-2: Foul Ball, location: 2F 1-2: Strikes out swinging
|
|
Pinch Hitting: LHB Bam Kershaw
|
0-0: Ball 1-0: Ball 2-0: Called Strike 2-1: Foul Ball, location: 2F 2-2: Ball 3-2: Foul Ball, location: 2F 3-2: Base on Balls
|
|
Pitching: RHP Jeremy Seitz
|
|
|
Batting: LHB William Hanley
|
0-0: Ball 1-0: Foul Ball, location: 2F 1-1: Ball 2-1: Ball 3-1: Foul Ball, location: 2F 3-2: Ground out 6-3 (Groundball, 4MD, EV 91.9 MPH)
|
| Bottom of the 9th over - 0 runs, 0 hits, 0 errors, 1 left on base; Lowell 3 - Spokane 3 |
| TOP OF THE 10TH |
|
Lowell Spinners batting - Pitching for Spokane Indians : RHP Victor Benitez
|
|
Now at 1B: Roberto Contreras
|
|
|
Now at 3B: Guo-ning Ren
|
|
|
Batting: RHB Joel Vazquez
|
0-0: Ball 1-0: Ball 2-0: DOUBLE (Line Drive, 5D, EV 106.2 MPH)
|
|
Batting: RHB Tommy Boudreaux
|
0-0: Bunt missed! 0-1: Bunt missed! 0-2: Foul Ball, location: 2F 0-2: Foul Ball, location: 2F 0-2: Ground out 5-3 (Groundball, 56, EV 105.6 MPH)
|
|
Batting: RHB Jose Diaz
|
0-0: Swinging Strike 0-1: Fly out, F2 (Popup, 2LF, EV 94.4 MPH)
|
|
Pinch Hitting: SHB Jared Snyder
|
0-0: Foul Ball, location: 2F 0-1: Ball 1-1: SINGLE (Groundball, 4, EV 104.4 MPH) Joel Vazquez to third Runner from 3rd tries for Home, SAFE, throw by CF to home Jared Snyder to second
|
|
Batting: RHB Nick Cottrell
|
0-0: Ball 1-0: Ball 2-0: Ball 3-0: Called Strike 3-1: Called Strike 3-2: Ground out 5-3 (Groundball, 56S, EV 85.6 MPH)
|
| Top of the 10th over - 1 run, 2 hits, 0 errors, 1 left on base; Lowell 4 - Spokane 3 |
| |
|
Game Over ... Spokane defeats Lowell, 5 to 4
|
|
|